 Dungeon Crawl Stone Soup version 0.29-a0-322-g68df515428 (webtiles) character file.

Game seed: 3771740363953841156

2776 siradein the Conjurer (level 9, -7/71 (75) HPs)
             Began as a Red Draconian Conjurer on Apr 8, 2022.
             Was an Initiate of Hepliaklqana.
             Killed by divine providence
             ... invoked by an orc priest
              (13 damage)
             ... on level 7 of the Dungeon.
             The game lasted 00:29:42 (6741 turns).

siradein the Conjurer (Red Draconian Conjurer)      Turns: 6741, Time: 00:29:44

HP:   -7/71 (75)    AC:  7    Str: 15    XL:     9   Next: 42%
MP:   10/17         EV: 13    Int: 23    God:    Hepliaklqana [......]
Gold: 348           SH:  0    Dex: 10    Spells: 2/19 levels left

rFire   + . .      SeeInvis .   x - +2 flail (protect)
rCold   . . .      Faith    .   (no shield)
rNeg    . . .      Spirit   .   (body armour unavailable)
rPois   .          Reflect  .   (helmet restricted)
rElec   .          Harm     .   (no cloak)
rCorr   .          Rampage  .   (no gloves)
Will    .....                   (no boots)
Stlth   ++........              o - amulet of magic regeneration
HPRegen 0.21/turn               l - +6 ring of strength
MPRegen 0.55/turn               (no ring)

@: short of breath, drained
A: breathe fire, AC +7, unfitting armour, fire resistance 1, cold-blooded
a: Breathe Fire, Renounce Religion


You were on level 7 of the Dungeon.
You worshipped Hepliaklqana.
Hepliaklqana was noncommittal.
You visited 2 branches of the dungeon, and saw 8 of its levels.

You collected 348 gold pieces.

Inventory:

Hand Weapons
 x - a +2 flail of protection (weapon)
Jewellery
 h - a ring of fire
 l - a +6 ring of strength (left hand)
 o - an amulet of magic regeneration (around neck)
Wands
 i - a wand of flame (23)
Scrolls
 c - 2 scrolls of amnesia
 d - a scroll of brand weapon {unknown}
 f - 2 scrolls of holy word
 j - a scroll of enchant armour {unknown}
 k - 2 scrolls of enchant weapon {unknown}
 m - 2 scrolls of teleportation
 n - 3 scrolls of noise {unknown}
 p - a scroll of magic mapping {unknown}
 s - a scroll of identify
 t - a scroll of fear {unknown}
 v - a scroll of silence {unknown}
 w - 2 scrolls of immolation {unknown}
 y - 2 scrolls of torment {unknown}
Potions
 a - a potion of magic
 b - a potion of flight {unknown}
 e - a potion of berserk rage {unknown}
 g - 2 potions of brilliance
 q - 2 potions of heal wounds
 r - a potion of might {unknown}
 u - 5 potions of curing
 z - a potion of resistance
 A - a potion of attraction {unknown}


   Skills:
 + Level 5.7 Fighting
 + Level 5.7 Dodging
 - Level 1.7 Stealth
 + Level 5.9 Spellcasting
 + Level 7.2 Conjurations
 + Level 2.7 Translocations
 + Level 3.4 Fire Magic
 + Level 3.0 Evocations


You had 2 spell levels left.
You knew the following spells:

 Your Spells              Type           Power      Damage    Failure   Level
a - Magic Dart            Conj           100%       1d8       1%          1
b - Searing Ray           Conj           80%        2d7       1%          2
c - Fulminant Prism       Conj/Hex       11%        3d9       19%         4
d - Iskenderun's Mystic   Conj/Tloc      29%        2d7       11%         4
e - Starburst             Conj/Fire      15%        6d6       83%         6

Your spell library contained the following spells:

 Spells                   Type           Power      Damage    Failure   Level
 Dazzling Flash           Conj/Hex       46%        N/A       6%          3
 Gell's Gravitas          Tloc           19%        N/A       9%          3
 Teleport Other           Tloc           19%        N/A       9%          3
 Dispersal                Tloc           9%         N/A       99%         6


Dungeon Overview and Level Annotations

Branches:
Dungeon (7/15)             Temple (1/1) D:6

Altars:
Dithmenos
Elyvilon
Hepliaklqana
Nemelex Xobeh
Sif Muna
Xom
The Shining One


Innate Abilities, Weirdness & Mutations

You can breathe blasts of fire.
Your fiery red scales are hard. (AC +7)
You cannot fit into any form of body armour.
Your flesh is heat resistant. (rF+)
You are cold-blooded and may be slowed by cold attacks.


Message History

The orc priest is severely wounded. (Press . to maintain the ray.)
The orc barely misses you.
The searing ray hits the orc!
You kill the orc!
The searing ray hits the wight.
You destroy the wight!
The searing ray hits something!
Your Evocations skill increases to level 3!
The searing ray hits the orc.
The orc is severely wounded.
The searing ray hits the bullfrog!
The bullfrog is moderately wounded.
The bullfrog swells and bulges.
You are too injured to fight recklessly!
Casting: Searing Ray (safe; 1% risk of failure)
Confirm with . or Enter, or press ? or * to list all spells.
Restarting spell: Searing Ray (safe; 1% risk of failure)
Press: ? - help, Shift-Dir - straight line, f - orc
Aim: an orc, wielding a +1 falchion of holy wrath (severely wounded, 82% to hit)
The searing ray hits something!
Reactivating autopickup.
You feel a bit more experienced.
The searing ray hits the orc.
You kill the orc! (Press . to maintain the ray.)
Casting: Searing Ray (safe; 1% risk of failure)
Confirm with . or Enter, or press ? or * to list all spells.
Restarting spell: Searing Ray (safe; 1% risk of failure)
Press: ? - help, Shift-Dir - straight line, f - orc priest
Aim: an orc priest, wielding a +0 trident (severely wounded, 82% to hit)
The searing ray hits the bullfrog!
The bullfrog is almost dead.
The searing ray hits the orc priest.
The orc priest is almost dead. (Press . to maintain the ray.)
The bullfrog hits you.
* * * LOW HITPOINT WARNING * * *
The orc priest mumbles some strange prayers to Beogh against you.
Beogh smites you!
You die...

#.......##....##.......#
#.......##....##.......#
#.......+.....#........#
##'###'###....+........#
... #...##....##.......#
.....
#.........##.......#
.......
#....o.............+
.<.....
#...########.......#
.......
#..@##....##.......#
..o.o..
#...F)o....'.......#
#...#))..)##'#######
######....#.........
#....#.........
+....#.........
#....'.........
######.........
.................


You could see a bullfrog and an orc priest.

Vanquished Creatures
  A steam dragon (D:5)
  An orc warrior (D:6)
  A sky beast (D:7)
  5 ice beasts (D:6)
  3 ogres (D:5)
  A centaur (D:6)
  2 phantoms (D:5)
  A kobold brigand (D:4)
  A bullfrog (D:7)
  A necrophage (D:5)
  5 wights (D:7)
  3 howler monkeys
  5 hounds
  A jelly (D:6)
  5 orc priests
  A gnoll shaman (D:5)
  3 iguanas
  9 orc wizards
  Robin (D:1)
  7 gnolls (D:5)
  7 adders
  2 ufetubi (D:5)
  3 worms
  4 dart slugs
  25 orcs
  5 ball pythons
  9 bats
  2 endoplasms
  A giant cockroach (D:4)
  17 goblins
  8 hobgoblins
  5 quokkas
  3 frilled lizards
  4 kobolds
  A rat (D:3)
153 creatures vanquished.

Vanquished Creatures (others)
  An orc (D:6)
1 creature vanquished.

Grand Total: 154 creatures vanquished

Notes
Turn   | Place    | Note
-------+----------+-------------------------------------------
     0 | D:1      | siradein the Draconian Conjurer began the quest for the
                  | Orb.
     0 | D:1      | Reached XP level 1. HP: 14/14 MP: 3/3
   272 | D:1      | Reached XP level 2. HP: 20/20 MP: 0/5
   277 | D:1      | Learned a level 2 spell: Searing Ray
   409 | D:1      | Found a faded altar of an unknown god.
   704 | D:2      | Noticed Robin
  1505 | D:2      | Reached XP level 3. HP: 26/26 MP: 0/6
  1731 | D:1      | HP: 1/26 [Robin/puff of flame (5)]
  1788 | D:1      | Killed Robin
  2343 | D:2      | Reached XP level 4. HP: 33/33 MP: 4/8
  3380 | D:3      | Learned a level 4 spell: Fulminant Prism
  3524 | D:3      | Found a white marble altar of Elyvilon.
  3528 | D:3      | Found a glowing golden altar of the Shining One.
  3948 | D:4      | Reached XP level 5. HP: 39/39 MP: 7/9
  4012 | D:4      | Reached skill level 1 in Fighting
  4134 | D:4      | Reached skill level 5 in Conjurations
  4225 | D:4      | Reached XP level 6. HP: 41/48 MP: 5/11
  4873 | D:4      | Noticed a yak
  4873 | D:4      | Noticed a yak
  4873 | D:4      | Noticed a yak
  4873 | D:4      | Noticed a yak
  4873 | D:4      | Noticed a yak
  5056 | D:5      | Entered Level 5 of the Dungeon
  5099 | D:5      | Your scales start taking on a fiery red colour.
  5099 | D:5      | Reached XP level 7. HP: 56/56 MP: 5/13
  5099 | D:5      | Gained mutation: Your flesh is heat resistant. (rF+) [Red
                  | Draconian growth]
  5452 | D:5      | Reached skill level 6 in Conjurations
  5494 | D:5      | Reached XP level 8. HP: 66/66 MP: 9/15
  5581 | D:5      | Reached skill level 5 in Spellcasting
  5799 | D:5      | Learned a level 4 spell: Iskenderun's Mystic Blast
  5806 | D:5      | Learned a level 6 spell: Starburst
  5810 | D:6      | Reached skill level 5 in Dodging
  5848 | D:6      | Reached skill level 1 in Fire Magic
  5848 | D:6      | Reached skill level 1 in Evocations
  5852 | D:6      | Reached skill level 1 in Translocations
  5858 | D:6      | Reached skill level 5 in Fighting
  5918 | D:5      | Reached XP level 9. HP: 29/74 MP: 11/17
  6155 | D:6      | Reached skill level 7 in Conjurations
  6286 | D:6      | Found a staircase to the Ecumenical Temple.
  6294 | Temple   | Entered the Ecumenical Temple
  6301 | Temple   | Became a worshipper of Hepliaklqana the Forgotten
  6741 | D:7      | Killed from afar by an orc priest

Illustrated notes

Levels and vault maps discovered:
D:1:      sevenhm_arrival_forest_fort_small_3, layout_rooms,
          shapermc_ecumenical_altar_mp_urbaneastern, hangedman_glass_teeth,
          minivault_19, due_unseen_surprise
D:2:      layout_loops_ring, uniq_robin
D:3:      layout_loops_ring, jmf_multi_god_temple
D:4:      layout_gridville, lemuel_old_faithful
D:5:      layout_cave_pools, nrook_loot_triangle, minmay_misc_feat_rugged
D:6:      layout_rooms, minmay_temple_entry_mist, abandoned_shop
D:7:      layout_gridville
Temple:   regret_index_temple_chain_breaker

Skill      XL: |  1  2  3  4  5  6  7  8  9 |
---------------+----------------------------+-----
Dodging        | 2 3 4 5 |  5.7
Spellcasting   | 3 4 5 |  5.9
Fighting       | 1 2 4 5 |  5.7
Conjurations   | 5 6 7 |  7.2
Fire Magic     | 2 3 |  3.4
Evocations     | 2 3 |  3.0
Translocations | 2 |  2.7
Stealth        | |  1.7

Action                   |  1- 3 |  4- 6 |  7- 9 || total
-------------------------+-------+-------+-------++-------
Melee: Unarmed           |     6 |       |       ||     6
 Cast: Magic Dart        |    62 |   114 |    79 ||   255
       Searing Ray       |     6 |    15 |    31 ||    52
 Abil: Breathe Fire      |       |       |    15 ||    15
  Use: Scroll            |       |       |     6 ||     6
       Potion            |       |       |     1 ||     1
Armor: Skin              |    16 |    15 |    20 ||    51
Dodge: Dodged            |    21 |    37 |    33 ||    91

Table legend: (Time is in decaauts)
 A = Elapsed time spent in this place.
 B = Non-inter-level travel time spent in this place.
 C = Inter-level travel time spent in this place.
 D = Time resting spent in this place.
 E = Time spent auto-exploring this place.
 F = Levels seen in this place.
 G = Mean time per level.
                   A        B        C        D        E       F      G
               +--------+--------+--------+--------+--------+-----+--------+
         Total |   6748 |   6659 |     89 |   1096 |   4544 |   8 |  843.5 |
       Dungeon |   6734 |   6645 |     89 |   1096 |   4544 |   7 |  962.0 |
        Temple |     13 |     13 |      0 |      0 |      0 |   1 |   13.0 |
               +--------+--------+--------+--------+--------+-----+--------+

Top non-repeatable levels by time:
     D:2: 2042 daAuts
     D:1: 1063 daAuts
     D:4: 981 daAuts
     D:3: 973 daAuts
     D:5: 963 daAuts
     D:6: 499 daAuts
     D:7: 210 daAuts
  Temple: 13 daAuts
